 Dungeon Crawl Stone Soup version 0.21-a0-67-g3f13d09 (webtiles) character file.

9804 xgamer67 the Cleaver (level 11, -5/84 HPs)
             Began as a Human Gladiator on June 18, 2017.
             Was an Elder of Ru.
             Slain by a two-headed ogre
             ... wielding a +0 giant club
              (22 damage)
             ... on level 9 of the Dungeon.
             The game lasted 00:30:03 (11668 turns).

xgamer67 the Cleaver (Human Gladiator)             Turns: 11668, Time: 00:30:04

Health: -5/84      AC: 15    Str: 21    XL:     11   Next: 81%
Magic:  11/11      EV: 12    Int:  8    God:    Ru [****..]
Gold:   436        SH:  0    Dex: 20    Spells: 10/10 levels left

rFire    . . .     SeeInvis .   a - +3 battleaxe
rCold    . . .     Gourm    .   (shield currently unavailable)
rNeg     . . .     Faith    .   v - +0 chain mail
rPois    +         Spirit   .   c - +1 helmet
rElec    .         Reflect  .   h - scarf {repulsion}
rCorr    .         Harm     .   l - +2 pair of gloves {Str+3}
MR       .....                  (no boots)
Stlth    ..........             (no amulet)
HPRegen  0.24/turn              p - ring of poison resistance
MPRegen  0.12/turn              t - +5 ring of dexterity

@: repel missiles
A: inability to use devices, hated by all, no air magic, no charms magic, no
hexes magic
a: Draw Out Power, Power Leap, Renounce Religion


You were on level 9 of the Dungeon.
You worshipped Ru.
Ru was greatly pleased with you.
You were not hungry.

You visited 1 branch of the dungeon, and saw 9 of its levels.

You collected 502 gold pieces.
You spent 66 gold pieces at shops.

Inventory:

Hand Weapons
 a - a +3 battleaxe (weapon)
 F - a +1 executioner's axe of draining
Missiles
 d - 3 throwing nets (quivered)
 m - 32 poisoned needles
 D - 2 javelins
Armour
 c - a +1 helmet (worn)
 h - a scarf of repulsion (worn)
 l - a +2 pair of gloves of strength (worn)
 r - a +0 cloak
 v - a +0 chain mail (worn)
Jewellery
 p - a ring of poison resistance (left hand)
 t - a +5 ring of dexterity (right hand)
 w - an uncursed ring of see invisible
Scrolls
 e - a scroll of amnesia
 g - 4 scrolls of remove curse
 i - 3 scrolls of identify
 n - 3 scrolls of enchant weapon
 B - 4 scrolls of teleportation
 C - 2 scrolls of enchant armour
Potions
 b - 3 potions of heal wounds
 j - 4 potions of curing
 s - a potion of agility
 u - 3 potions of brilliance
 z - 3 potions of mutation
 A - a potion of lignification
Comestibles
 f - 5 bread rations
 k - 22 fruits
 o - a meat ration
 q - 9 royal jellies
 x - 8 chunks of flesh


   Skills:
 - Level 7.0 Fighting
 + Level 13.3 Axes
 - Level 2.0 Throwing
 - Level 6.0 Armour
 - Level 6.0 Dodging


You had 10 spell levels left.
You didn't know any spells.

Dungeon Overview and Level Annotations

Branches:
Dungeon (9/15)             Temple (0/1) D:5
   Lair: D:8-11         Orc: D:9-12

Altars:
Fedhas
Ru

Shops:
D:9 ?

Annotations:
D:4 Blork the orc


Innate Abilities, Weirdness & Mutations

You cannot study or use magical devices.
You are hated by all.
You cannot study or cast Air magic.
You cannot study or cast Charms magic.
You cannot study or cast Hexes magic.


Message History

The seven-headed hydra looks frightened!
Cornered, the big kobold turns to fight!
There is an open gate here.
You close the gate.
The big kobold is stunned by your will and fails to attack.
A big kobold opens the gate.
The big kobold throws a stone.
The stone closely misses you.
You see here a stone.
Things that are here:
a short sword; 3 stones; a yak skeleton
There is an open door here.
You close the door.
A big kobold opens the door.
A two-headed ogre comes into view.
It is wielding a giant club and a giant spiked club.
The two-headed ogre shouts in stereo!
The two-headed ogre moves out of view.
There is an open door here.
You barely miss the two-headed ogre.
The two-headed ogre hits you with a giant club!!
You die...

.#)## #.......+......# ##.#
##.######......# ##)## #.#
####+### #..# #.# #.# ###.##
######)## #.# # .....# #....)))#
#.######## .....#
#.......########.#......'
.....####.......#..K.D.....######
.....##.'......O@.######.### #
.....##)#)......### #.## #
......[.#.......# #..# #
..##.)####'###### ##.# # ##....#
#...# #.# # .###.## ###.# #.# #
..##.# ###<### #.#
#..#.#####.....# ###'#####
.....##........# #.......#


You could see a seven-headed hydra, a two-headed ogre and a big kobold.

Vanquished Creatures
  2 two-headed ogres (D:9)
  The ghost of Gorglomux the Slinger, a novice GnAM of Okawaru (D:8)
  3 hippogriffs
  2 dream sheep (D:9)
  2 wyverns (D:8)
  Sigmund (D:6)
  6 yaks (D:9)
  Grum (D:9)
  A steam dragon (D:7)
  Duvessa (D:6)
  3 sky beasts
  An orc warrior (D:9)
  2 black bears
  A necrophage (D:6)
  2 wolves (D:9)
  A phantom (D:6)
  8 ogres
  3 centaurs
  2 big kobolds (D:9)
  7 bullfrogs
  A water moccasin zombie (D:8)
  Dowan (D:6)
  3 scorpions
  15 killer bees
  8 wights
  A howler monkey (D:5)
  4 crimson imps
  2 centaur zombies
  A quasit (D:9)
  2 jellies
  7 orc priests
  A centaur skeleton (D:5)
  A hound (D:9)
  10 orc wizards
  Crazy Yiuf (D:6)
  2 iguanas
  Terence (D:3)
  7 worker ants
  A hound zombie (D:7)
  A hound skeleton (D:6)
  A worker ant zombie (D:6)
  15 adders
  2 shadow imps
  4 oozes
  2 adder skeletons
  3 adder zombies
  4 worms
  3 dart slugs
  7 leopard geckos
  33 orcs
  8 bats
  6 giant cockroaches
  10 goblins
  8 hobgoblins
  15 jackals
  7 kobolds
  5 quokkas
  3 ball pythons
  4 frilled lizards
  A leopard gecko zombie (D:7)
  A quokka skeleton (D:5)
  6 rats
  A bush (D:9)
269 creatures vanquished.

Vanquished Creatures (others)
  A water moccasin (D:7)
  A quokka (D:9)
2 creatures vanquished.

Grand Total: 271 creatures vanquished

Notes
Turn   | Place    | Note
-------+----------+-------------------------------------------
     0 | D:1      | xgamer67 the Human Gladiator began the quest for the Orb.
     0 | D:1      | Reached XP level 1. HP: 16/16 MP: 1/1
   250 | D:1      | Reached XP level 2. HP: 20/22 MP: 2/2
   702 | D:1      | Reached skill level 4 in Axes
   702 | D:1      | Reached XP level 3. HP: 27/27 MP: 3/3
  1252 | D:2      | Found a sacrificial altar of Ru.
  1284 | D:2      | Became a worshipper of Ru the Awakened
  1441 | D:2      | Reached XP level 4. HP: 28/33 MP: 4/4
  1720 | D:2      | Reached skill level 5 in Axes
  1910 | D:3      | Reached XP level 5. HP: 20/38 MP: 5/5
  2194 | D:3      | Noticed Terence
  2201 | D:3      | Killed Terence
  2201 | D:3      | Reached skill level 6 in Axes
  2207 | D:3      | Reached XP level 6. HP: 41/44 MP: 6/6
  2776 | D:3      | Gained mutation: You cannot study or cast Air magic. [Ru sacrifice]
  2776 | D:3      | Gained mutation: You cannot study or cast Hexes magic. [Ru sacrifice]
  2776 | D:3      | Gained mutation: You cannot study or cast Charms magic. [Ru sacrifice]
  2776 | D:3      | Reached * piety under Ru
  3315 | D:4      | Noticed Blork the orc
  3703 | D:4      | Reached skill level 7 in Axes
  3713 | D:4      | Reached skill level 1 in Armour
  4055 | D:4      | Reached skill level 1 in Evocations
  4055 | D:4      | Reached XP level 7. HP: 47/50 MP: 7/7
  4248 | D:4      | Found a blossoming altar of Fedhas.
  4283 | D:5      | Entered Level 5 of the Dungeon
  4531 | D:5      | Reached XP level 8. HP: 40/56 MP: 8/10
  4712 | D:5      | Found a staircase to the Ecumenical Temple.
  4961 | D:5      | Gained mutation: You are hated by all. [Ru sacrifice]
  4961 | D:5      | Reached ** piety under Ru
  5388 | D:6      | Reached skill level 5 in Evocations
  5400 | D:6      | Found a runed door.
  5510 | D:6      | Noticed Sigmund
  5516 | D:6      | Killed Sigmund
  5516 | D:6      | Reached skill level 5 in Fighting
  5516 | D:6      | Reached XP level 9. HP: 53/68 MP: 12/12
  5693 | D:6      | Identified a scroll of acquirement
  5867 | D:6      | Reached skill level 8 in Axes
  6215 | D:6      | Noticed Dowan
  6216 | D:6      | Noticed Duvessa
  6242 | D:6      | Killed Duvessa
  6243 | D:6      | Killed Dowan
  6304 | D:6      | Reached skill level 9 in Axes
  6546 | D:6      | Noticed Crazy Yiuf
  6554 | D:6      | Killed Crazy Yiuf
  6600 | D:7      | Noticed a hippogriff
  6611 | D:7      | Killed a hippogriff
  6709 | D:6      | Reached skill level 10 in Axes
  7022 | D:7      | Reached XP level 10. HP: 69/74 MP: 13/13
  7493 | D:7      | Reached skill level 11 in Axes
  8001 | D:7      | Gained mutation: You cannot study or use magical devices. [Ru sacrifice]
  8001 | D:7      | Reached *** piety under Ru
  8001 | D:7      | Reached **** piety under Ru
  8867 | D:8      | Reached skill level 12 in Axes
  9258 | D:8      | Noticed Gorglomux's ghost (novice GnAM)
  9280 | D:8      | Killed Gorglomux's ghost
  9469 | D:8      | Reached skill level 5 in Armour
  9623 | D:8      | Reached XP level 11. HP: 78/82 MP: 11/11
 10108 | D:9      | Found Teufy's Magic Scroll Shop.
 10170 | D:9      | Reached skill level 5 in Dodging
 10641 | D:9      | Noticed Grum
 10701 | D:9      | Killed Grum
 11049 | D:9      | Noticed a two-headed ogre
 11050 | D:9      | Noticed a two-headed ogre
 11058 | D:9      | Killed a two-headed ogre
 11070 | D:9      | Killed a two-headed ogre
 11432 | D:9      | Bought a scroll of teleportation for 33 gold pieces
 11432 | D:9      | Bought a scroll of teleportation for 33 gold pieces
 11467 | D:9      | Reached skill level 13 in Axes
 11623 | D:9      | Noticed a three-headed hydra
 11665 | D:9      | Noticed a two-headed ogre
 11668 | D:9      | Slain by a two-headed ogre

Vault maps used:
D:1:      nicolae_arrival_washed_ashore
D:2:      first_bread, nicolae_ru_sacrificial_ziggurat
D:3:      wad_river_or_something, glass_columns_c, minmay_misc_feat_pillars,
          kennysheep_flooded_box, uniq_terence
D:4:      kennysheep_mini_moat, hangedman_abyss_or_decor_stagger,
          uniq_blork_the_orc
D:5:      minmay_temple_entry_junction
D:6:      uniq_sigmund, uniq_crazy_yiuf_cottage, uniq_duvessa
D:9:      serial_shops, shop_statue, hangedman_ranch, kb_lookout_dungeons_type,
          minmay_misc_feat_square, uniq_grum

Skill      XL: |  1  2  3  4  5  6  7  8  9 10 11 |
---------------+----------------------------------+-----
Axes           | 4 5 6 7 10 12 13 | 13.3
Armour         | 1 3 4 5 6 |  6.0
Evocations     | 1 3 5 0 |  0.0
Fighting       | 5 6 7 |  7.0
Dodging        | 4 6 |  6.0
Throwing       | |  2.0

Action                   |  1- 3 |  4- 6 |  7- 9 | 10-12 || total
-------------------------+-------+-------+-------+-------++-------
Melee: War axe           |    83 |   245 |   337 |   451 ||  1116
       Battleaxe         |       |       |       |    35 ||    35
Throw: Throwing net      |       |       |     1 |       ||     1
Invok: Sacrifice Arcana  |       |     1 |       |       ||     1
       Sacrifice Love    |       |       |     1 |       ||     1
       Sacrifice Artific |       |       |       |     1 ||     1
       Draw Out Power    |       |       |       |     1 ||     1
Evoke: Wand              |       |       |     4 |       ||     4
  Use: Scroll            |     8 |    11 |     3 |     3 ||    25
       Potion            |       |       |       |     1 ||     1
 Stab: Sleeping          |     1 |       |       |       ||     1
       Confused          |       |       |     1 |       ||     1
       Held in net/web   |       |       |     2 |       ||     2
       Distracted        |       |       |     1 |     2 ||     3
       Invisible         |       |       |       |     7 ||     7
  Eat: Chunk             |     2 |     8 |    10 |    15 ||    35
       Fruit             |       |       |       |     1 ||     1
Armor: Leather armour    |     2 |       |       |       ||     2
       Ring mail         |    13 |       |       |       ||    13
       Scale mail        |     9 |    42 |       |       ||    51
       Chain mail        |       |   114 |   224 |   250 ||   588
Dodge: Dodged            |    65 |   115 |   147 |   262 ||   589
       Deflected         |       |       |       |     5 ||     5
